 Dungeon Crawl Stone Soup version 0.25.1-2-g60ff931df9 (webtiles) character file.

Game seed: 16616880507215043952

1172188 Elvor the Conqueror (level 27, -9/273 HPs)
             Began as a Minotaur Fighter on Aug 3, 2020.
             Was the Champion of the Shining One.
             Killed from afar by a Brimstone Fiend (41 damage)
             ... with damnation
             ... in Pandemonium on Aug 10, 2020.
             The game lasted 1 day 03:35:23 (121593 turns).

Elvor the Conqueror (Minotaur Fighter)        Turns: 121593, Time: 1 , 03:35:23

Health: -9/273     AC: 43    Str: 32    XL:     27
Magic:  51/51      EV: 28    Int: 12    God:    the Shining One [******]
Gold:   13299      SH: 46    Dex: 17    Spells: 43/58 levels left

rFire    + + .     SeeInvis +   l - +10 zealot's sword {holy, *Rage rN+ EV+3}
rCold    + + +     Gourm    .   a - +9 tower shield of Bespelled Leaves {rF+ rC++ Str-4 SInv Stlth+}
rNeg     + + +     Faith    .   z - +4 plate armour of the Thinker {rN++ rCorr Dex+3 Stlth+}
rPois    .         Spirit   .   e - +2 hat {MR+}
rElec    +         Reflect  +   w - +1 cloak of the Armadillo {rElec}
rCorr    +         Harm     .   D - +2 pair of gloves {archery}
MR       +++++     Clarity  +   u - +2 pair of boots {run}
Stlth    ..........             i - amulet of reflection
HPRegen  0.55/turn              o - ring "Peng" {rF+ rC++ MP+9 Str+6 Int+2}
MPRegen  0.32/turn              M - ring of Miekeasch {MR++ AC+4 Dex+3}

@: very slightly contaminated, glowing, studying 4 skills, quick
A: retaliatory headbutt, horns 2, talons 1, large bone plates 1, slimy green
scales 1, see invisible, clarity, clever 1, clumsy 1, screaming 1, strong 1
}: 10/15 runes: barnacled, slimy, silver, iron, obsidian, icy, bone, abyssal,
demonic, gossamer
a: Divine Shield, Cleansing Flame, Summon Divine Warrior, Renounce Religion


You were in Pandemonium.
You worshipped the Shining One.
The Shining One was exalted by your worship.
You were not hungry.

You visited 17 branches of the dungeon, and saw 87 of its levels.
You visited Pandemonium 2 times, and saw 7 of its levels.
You visited the Abyss 2 times.
You visited 2 bazaars.
You also visited: Trove, Bailey and Wizlab.

You collected 17714 gold pieces.
You spent 4415 gold pieces at shops.

Inventory:

Hand Weapons
 l - the +10 zealot's sword (weapon) {holy, *Rage rN+ EV+3}
   (You bought it in a shop on level 5 of the Depths)

   It has been blessed by the Shining One to cause great damage to the undead
   and demons.
   It affects your evasion (+3).
   It protects you from negative energy.
   It may make you go berserk in combat.
 r - a +9 sacred scourge of holy wrath
 I - a +9 eveningstar of freezing
Missiles
 g - 53 silver javelins
 G - 7 silver boomerangs (quivered)
Armour
 a - the +9 tower shield of Bespelled Leaves (worn) {rF+ rC++ Str-4 SInv Stlth+}
   (Okawaru gifted it to you on level 3 of the Vaults)

   It affects your strength (-4).
   It protects you from fire.
   It greatly protects you from cold.
   It lets you see invisible.
   It makes you more stealthy.
 e - a +2 hat of magic resistance (worn)
 u - a +2 pair of boots of running (worn)
 w - the +1 cloak of the Armadillo (worn) {rElec}
   (You found it in a wizard's laboratory)

   It insulates you from electricity.
 z - the +4 plate armour of the Thinker (worn) {rN++ rCorr Dex+3 Stlth+}
   (You found it on level 3 of the Elven Halls)

   It affects your dexterity (+3).
   It greatly protects you from negative energy.
   It provides partial protection from all sources of acid and corrosion.
   It makes you more stealthy.
 D - a +2 pair of gloves of archery (worn)
 O - the +8 plate armour of Bethrelust {Int+3 SInv}
   (You found it on level 7 of Tartarus)

   It affects your intelligence (+3).
   It lets you see invisible.
 X - a +2 pair of boots of flying
Jewellery
 i - an amulet of reflection (around neck)
 j - the ring "Othome" {*Slow rElec rF+++ rC+++ Dex+6}
   (You found it on level 5 of the Vaults)

   [ring of dexterity]

   It affects your dexterity (+6).
   It renders you almost immune to fire.
   It renders you almost immune to cold.
   It insulates you from electricity.
   It may slow you when you take damage.
 o - the ring "Peng" (left hand) {rF+ rC++ MP+9 Str+6 Int+2}
   (You took it off a frost giant on level 4 of the Vaults)

   [ring of strength]

   It affects your strength (+6).
   It affects your intelligence (+2).
   It protects you from fire.
   It greatly protects you from cold.
   It affects your magic capacity (+9).
 M - the ring of Miekeasch (right hand) {MR++ AC+4 Dex+3}
   (You found it on level 5 of the Pits of Slime)

   [ring of protection]

   It affects your AC (+4).
   It affects your dexterity (+3).
   It affects your resistance to hostile enchantments.
Wands
 s - a wand of paralysis (42)
 H - a wand of digging (20)
 K - a wand of iceblast (9)
 Q - a wand of enslavement (29)
 R - a wand of disintegration (102)
 Z - a wand of acid (75)
Scrolls
 d - 11 scrolls of magic mapping
 k - 9 scrolls of fear
 q - 7 scrolls of silence
 t - 19 scrolls of remove curse
 v - a scroll of summoning
 x - 28 scrolls of teleportation
 y - a scroll of enchant armour
 L - 7 scrolls of fog
 N - a scroll of immolation
 S - 11 scrolls of identify
Potions
 h - 5 potions of haste
 m - 8 potions of flight
 n - 9 potions of cancellation
 p - 13 potions of curing
 E - a potion of mutation
 J - 6 potions of resistance
 V - 12 potions of lignification
 W - 6 potions of might
Books
 b - a manual of Charms
 B - a manual of Axes
 C - a manual of Translocations
 F - a manual of Slings
Miscellaneous
 c - 10 boxes of beasts
Comestibles
 f - 44 rations
 A - 3 chunks of flesh


   Skills:
 O Level 27 Fighting
 + Level 24.1 Long Blades
 O Level 27 Maces & Flails
 + Level 19.7 Throwing
 + Level 22.3 Armour
 * Level 25.3 Dodging
 - Level 1.2 Stealth
 O Level 27 Shields
 * Level 16.3 Spellcasting
 + Level 8.2 Charms
 + Level 7.1 Translocations
 * Level 10.4 Transmutations
 + Level 1.2 Air Magic
 * Level 10.4 Earth Magic
 + Level 17.3 Invocations
 + Level 10.4 Evocations


You had 43 spell levels left.
You knew the following spells:

 Your Spells              Type           Power        Failure   Level  Hunger
a - Apportation           Tloc           ####..       1%          1    None
b - Summon Butterflies    Summ           #.......     21%         1    None
c - Blink                 Tloc           N/A          1%          2    None
d - Swiftness             Chrm/Air       ###.....     4%          2    None
e - Statue Form           Tmut/Erth      ####.....    41%         6    ######.
f - Teleport Other        Tloc           ####....     3%          3    None

Your spell library contained the following spells:

 Spells                   Type           Power        Failure   Level  Hunger
 Beastly Appendage        Tmut           ####..       1%          1    None
 Infusion                 Chrm           ####         1%          1    None
 Sandblast                Erth           ####..       1%          1    None
 Shroud of Golubria       Chrm/Tloc      ####..       1%          2    None
 Song of Slaying          Chrm           ####....     1%          2    None
 Sticks to Snakes         Tmut           ####....     1%          2    None
 Sting                    Tmut/Pois      ###.         2%          1    None
 Petrify                  Tmut/Erth      ####....     2%          4    ##.....
 Gell's Gravitas          Tloc           ####......   3%          3    None
 Lesser Beckoning         Tloc           ####......   3%          3    None
 Spider Form              Tmut/Pois      ###.......   8%          3    None
 Stone Arrow              Conj/Erth      ###...       8%          3    None
 Blade Hands              Tmut           ####......   8%          5    #####..
 Passage of Golubria      Tloc           N/A          11%         4    ##.....
 Ozocubu's Armour         Chrm/Ice       ###.....     12%         3    None
 Spectral Weapon          Hex/Chrm       ###.....     12%         3    None
 Portal Projectile        Hex/Tloc       ###...       14%         3    None
 Recall                   Summ/Tloc      N/A          14%         3    None
 Shock                    Conj/Air       ##..         16%         1    None
 Ignite Poison            Fire/Tmut/Pois ###.....     16%         3    None
 Animate Skeleton         Necr           N/A          21%         1    None
 Corona                   Hex            #......      21%         1    None
 Foxfire                  Conj/Fire      #...         21%         1    None
 Freeze                   Ice            #...         21%         1    None
 Magic Dart               Conj           #...         21%         1    None
 Pain                     Necr           #...         21%         1    None
 Summon Small Mammal      Summ           #...         21%         1    None
 Corpse Rot               Necr/Air       N/A          24%         2    None
 Poisonous Vapours        Pois/Air       ##....       24%         2    None
 Ice Form                 Ice/Tmut       ###.....     24%         4    ##.....
 Leda's Liquefaction      Hex/Erth       ###.......   24%         4    ##.....
 Call Imp                 Summ           #.......     30%         2    None
 Ensorcelled Hibernation  Hex/Ice        #.....       30%         2    None
 Searing Ray              Conj           #.....       30%         2    None
 Sublimation of Blood     Necr           #.........   30%         2    None
 Hydra Form               Tmut           ####......   41%         6    ######.
 Static Discharge         Conj/Air       ##......     43%         3    None
 Iskenderun's Mystic Bla  Conj/Tloc      ###.....     43%         4    ##.....
 Mephitic Cloud           Conj/Pois/Air  ##......     45%         3    None
 Call Canine Familiar     Summ           #.......     52%         3    None
 Confusing Touch          Hex            #.......     52%         3    None
 Conjure Flame            Conj/Fire      #.......     52%         3    None
 Dazzling Flash           Conj/Hex       #.....       52%         3    None
 Frozen Ramparts          Ice            #.....       52%         3    None
 Inner Flame              Hex/Fire       #.......     52%         3    None
 Summon Guardian Golem    Hex/Summ       #.......     52%         3    None
 Tukima's Dance           Hex            #.......     52%         3    None
 Alistair's Intoxication  Tmut/Pois      ###.....     56%         5    #####..
 Borgnjor's Vile Clutch   Necr/Erth      ###.......   56%         5    #####..
 Irradiate                Conj/Tmut      ###.......   56%         5    #####..
 Yara's Violent Unravell  Hex/Tmut       ###.......   56%         5    #####..
 Excruciating Wounds      Chrm/Necr      ###.......   71%         5    #####..
 Iskenderun's Battlesphe  Conj/Chrm      ###.....     71%         5    #####..
 Airstrike                Air            ##........   77%         4    ##.....
 Summon Forest            Summ/Tloc      ###.......   78%         5    #####..
 Bolt of Magma            Conj/Fire/Erth ###.......   80%         5    #####..
 Summon Lightning Spire   Summ/Air       ##......     85%         4    ##.....
 Dispersal                Tloc           ####......   86%         6    ######.
 Animate Dead             Necr           N/A          90%         4    ##.....
 Cause Fear               Hex            #.........   90%         4    ##.....
 Fulminant Prism          Conj/Hex       #.........   90%         4    ##.....
 Hailstorm                Conj/Ice       #.......     90%         4    ##.....
 Sticky Flame             Conj/Fire      #.......     90%         4    ##.....
 Summon Ice Beast         Ice/Summ       #.......     90%         4    ##.....
 Dragon Form              Tmut           ####......   94%         7    #######
 Eringya's Noxious Bog    Tmut/Pois      ###.......   98%         6    ######.
 Iron Shot                Conj/Erth      ###.......   98%         6    ######.
 Fireball                 Conj/Fire      #.........   99%         5    #####..
 Lightning Bolt           Conj/Air       ##........   99%         5    #####..
 Metabolic Englaciation   Hex/Ice        #.........   99%         5    #####..
 Silence                  Hex/Air        ##........   99%         5    #####..
 Summon Mana Viper        Hex/Summ       #.......     99%         5    #####..
 Conjure Ball Lightning   Conj/Air       ##........   100%        6    ######.
 Darkness                 Hex            #.........   100%        6    ######.
 Death Channel            Necr           #.........   100%        6    ######.
 Freezing Cloud           Conj/Ice/Air   ##........   100%        6    ######.
 Invisibility             Hex            #.......     100%        6    ######.
 Ozocubu's Refrigeration  Ice            #.........   100%        6    ######.
 Shadow Creatures         Summ           N/A          100%        6    ######.
 Simulacrum               Ice/Necr       #.........   100%        6    ######.
 Starburst                Conj/Fire      #.........   100%        6    ######.
 Haunt                    Necr/Summ      #.........   100%        7    #######
 Malign Gateway           Summ/Tloc      ###.......   100%        7    #######
 Orb of Destruction       Conj           #.........   100%        7    #######
 Ring of Flames           Chrm/Fire      ###.......   100%        7    #######
 Spellforged Servitor     Conj/Summ      #.........   100%        7    #######
 Summon Hydra             Summ           #.........   100%        7    #######
 Discord                  Hex            #.........   100%        8    #######
 Disjunction              Tloc           ####......   100%        8    #######
 Ignition                 Fire           #.........   100%        8    #######
 Dragon's Call            Summ           #.........   100%        9    #######
 Shatter                  Erth           ####......   100%        9    #######
 Tornado                  Air            ##........   100%        9    #######


Dungeon Overview and Level Annotations

Branches:
Dungeon (15/15)            Temple (1/1) D:6            Lair (6/6) D:9
 Shoals (4/4) Lair:2       Spider (4/4) Lair:2        Slime (5/5) Lair:5
    Orc (2/2) D:11            Elf (3/3) Orc:2        Vaults (5/5) D:14
  Crypt (3/3) Vaults:3       Tomb (0/3) Crypt:3      Depths (5/5) D:15
   Hell (visited)             Dis (7/7) Hell            Geh (7/7) Hell
    Coc (7/7) Hell            Tar (7/7) Hell            Zot (5/5) Depths:5
 Bailey (visited)          WizLab (visited)

Altars:
Ashenzari
Cheibriados
Dithmenos
Elyvilon
Fedhas
Gozag
Hepliaklqana
Kikubaaqudgha
Makhleb
Nemelex Xobeh
Okawaru
Qazlal
Ru
Sif Muna
Trog
Uskayaw
Vehumet
Wu Jian
Xom
Yredelemnul
Zin
The Shining One
Beogh
Jiyva
Lugonu

Shops:
D:5 (   Orc:2 =(:%   Elf:1 *   Vaults:1 *   Zot:1 *   Depths:5 (

Portals:
Hell: Depths:1 Depths:2 Depths:3* Depths:4 Depths:5
Abyss: Zot:3 Depths:4
Pandemonium: Depths:3 Depths:4
Ziggurat: Depths:3

Annotations:
Depths:3 Boris


Innate Abilities, Weirdness & Mutations

You reflexively headbutt those who attack you in melee.
You have a pair of horns on your head.
You have sharp toenails.
You are partially covered in large bone plates. (SH +4)
You are partially covered in slimy green scales. (AC +2)
You have supernaturally acute eyesight. (SInv)
You possess an exceptional clarity of mind.
Your mind is acute. (Int +2)
You are clumsy. (Dex -2)
You occasionally shout uncontrollably at your foes.
Your muscles are strong. (Str +2)


Message History

Aim: a Brimstone Fiend (haloed)
You throw a silver boomerang.
The silver boomerang hits the Brimstone Fiend.
The Brimstone Fiend is lightly wounded.
The Brimstone Fiend gestures at you.
The sphere of damnation explodes!
The damnation engulfs you!!
* * * LOW HITPOINT WARNING * * *
Throwing (i - inventory. (/) - cycle)
G - 7 silver boomerangs (quivered)
Press: ? - help, Shift-Dir - straight line, f/p - Brimstone Fiend
Aim: a Brimstone Fiend (lightly wounded, haloed)
Okay, then.
You feel much better.
The Brimstone Fiend calls on the powers of darkness!
Your body is wracked with pain!
* * * LOW HITPOINT WARNING * * *
There is a gate leading to another region of Pandemonium here.
The tormentor says, "I'll crush your bones, one by one."
The Brimstone Fiend gestures at you.
The sphere of damnation explodes!
The damnation engulfs you!!!
You die...

#......# #..............#
#......# #..............#
#......#####..............###
#....####......######........
#....# #......# #........
#.../# #......# #........
#....# ##......# #....)...
###### #.......# ######...
#....@..# #... #.......# #...
########.......## #...
#...............# ####
#.............2.# #
#...............# #
#...............# #
#............12.# #
#...............###### #


You could see a Brimstone Fiend, a hellion and a tormentor.

Vanquished Creatures
  Antaeus (Coc:7)
  Asmodeus (Geh:7)
  the Royal Jelly (Slime:5)
  the Serpent of Hell (Dis:7)
  Ereshkigal (Tar:7)
  4 pandemonium lords (Pan)
  Dispater (Dis:7)
  Mara (Depths:2)
  3 orbs of fire
  7 ancient liches
  The ghost of Naafilie the Bringer of Light, a legendary GnFi of the Shining One (Zot:3)
  Sojobo (Depths:1)
  The ghost of Beuseq the Gnoll Aeon, a master GnFi of Cheibriados (Zot:1)
  Boris (twice) (Vaults:2 Vaults:4)
  2 greater mummies (Crypt:2)
  2 Killer Klowns
  4 shard shrikes (Coc:7)
  5 caustic shrikes
  Geryon (Hell)
  Margery (Crypt:1)
  2 curse toes (Zot:2)
  Nikola (Depths:3)
  9 golden dragons
  Jory (Depths:3)
  19 bone dragons
  4 profane servitors
  31 Tzitzimimeh
  9 iron giants
  10 doom hounds
  A hellephant (Hell)
  12 liches
  2 electric golems
  15 tentacled monstrosities
  23 Ice Fiends
  21 Brimstone Fiends
  Jorgrun (D:14)
  10 Hell Sentinels
  Polyphemus (Shoals:4)
  10 deep elf blademasters
  6 deep elf master archers
  15 titans
  An eldritch tentacle (WizLab)
  9 quicksilver dragons
  34 acid blobs
  5 sphinxes
  30 ancient champions
  11 death cobs
  8 tentacled starspawn
  11 Executioners
  The ghost of sinusoid the Brawler, an adept TrAK of Lugonu (Spider:3)
  Roxanne (D:15)
  Kirke (D:12)
  2 krakens
  18 storm dragons
  18 shadow dragons
  10 tengu reavers
  Donald (Vaults:1)
  Ilsuiw (Shoals:4)
  10 draconian monks
  9 warmongers (Pan)
  8 daevas (Pan)
  34 fire giants
  24 frost giants
  4 draconian knights
  5 iron dragons
  7 ghost moths
  6 emperor scorpions
  3 draconian scorchers
  14 azure jellies
  24 balrugs
  9 vault wardens
  2 orc warlords (Orc:2)
  8 deep elf elementalists
  9 cacodemons
  9 deep elf sorcerers
  6 curse skulls
  2 caustic shrike zombies
  4 draconian shifters
  4 spriggan defenders
  10 ghouls
  Louise (D:15)
  8 draconian stormcallers
  6 angels
  11 ironheart preservers
  5 ophanim (Pan)
  3 war gargoyles
  The ghost of TangoThomas the Fencer, a journeyman TeBe of Trog (Depths:2)
  2 draconian annihilators
  A juggernaut skeleton (Crypt:2)
  7 elemental wellsprings
  97 reapers
  6 green draconians
  5 entropy weavers
  22 very ugly things
  3 blood saints (Pan)
  40 stone giants
  6 vampire knights
  5 black suns (Pan)
  18 apis (Pan)
  Nessos (D:14)
  A corrupter (Pan)
  6 black draconians
  8 spark wasps
  13 deep elf annihilators
  9 purple draconians
  9 deep elf demonologists
  19 deep elf death magi
  A spark wasp (shapeshifter) (Depths:4)
  10 lorocyprocas
  14 red draconians
  15 blizzard demons
  6 white draconians
  7 yellow draconians
  8 eidola
  12 ettins
  6 merfolk javelineers
  11 green deaths
  9 quicksilver dragon zombies
  11 jiangshi
  13 fire dragons
  A crystal guardian (Zot:3)
  11 death oozes
  The ghost of Elvor the Carver, a journeyman MiFi of Okawaru (D:9)
  Josephine (Lair:5)
  5 deep elf high priests
  7 merfolk impalers
  22 yaktaur captains
  6 quicksilver dragon skeletons
  21 great orbs of eyes
  3 kraken zombies
  10 monstrous demonspawn (Pan)
  21 ice dragons
  9 hydras
  4 hell beasts
  9 rakshasas
  27 vault guards
  4 spriggan air magi
  The ghost of wjchen the Bludgeoner, a journeyman MiFi of Okawaru (D:10)
  2 catoblepae
  13 centaur warriors
  An alligator snapping turtle (Shoals:4)
  A satyr (Shoals:3)
  3 ghost crabs
  A merfolk avatar (Shoals:4)
  4 merfolk aquamancers (Shoals:4)
  62 two-headed ogres
  29 dancing weapons
  3 death knights
  8 titan zombies
  4 death yaks (Shoals:4)
  8 death scarabs (Spider:4)
  9 deep troll shamans
  A two-headed ogre (shapeshifter) (Vaults:4)
  7 vampire magi
  18 ogre magi
  4 tengu warriors
  43 hell hogs
  5 deep troll earth magi
  9 spriggan berserkers
  Urug (Orc:1)
  10 thrashing horrors
  4 orc high priests (Orc:2)
  29 deep elf knights
  5 storm dragon zombies
  30 sun demons
  4 iron golems
  A shock serpent (shapeshifter) (Depths:2)
  134 skeletal warriors
  15 soul eaters
  3 spriggans (Depths:5)
  A fire crab (shapeshifter) (Depths:2)
  4 titan skeletons
  16 iron trolls
  3 spatial maelstroms
  11 unseen horrors
  9 shadow wraiths
  13 flayed ghosts
  11 sixfirhies
  A spark wasp zombie (Hell)
  4 cherubim (Pan)
  13 deep trolls
  56 hell knights
  6 gelid demonspawn (Pan)
  2 salamander mystics (Depths:4)
  6 wretched stars
  5 golden dragon zombies
  9 infernal demonspawn (Pan)
  A deep troll (shapeshifter) (Depths:2)
  A death drake (Abyss:2)
  8 storm dragon skeletons
  4 golden dragon skeletons
  16 anaconda zombies
  3 ghost moth zombies
  An entropy weaver zombie (Crypt:2)
  A kraken simulacrum (Hell)
  20 sea snakes
  10 wizards
  19 shadow demons
  8 torturous demonspawn (Pan)
  3 spectral wolf spiders (Spider:4)
  26 deep elf archers
  2 lindwurms (Lair:6)
  9 glowing orange brains
  A tengu zombie (Hell)
  8 shadow dragon zombies
  16 orc knights
  15 necromancers
  23 phantasmal warriors
  27 harpies
  12 ironbrand convokers
  2 obsidian statues
  A lindwurm (shapeshifter) (Vaults:5)
  Pikel (D:7)
  89 deep elf magi
  8 wolf spider zombies
  3 anaconda skeletons
  4 iron dragon zombies
  2 oklob plants (D:11)
  33 wolf spiders
  A wolf spider (shapeshifter) (Depths:2)
  A mana viper (Abyss:1)
  12 stone giant zombies
  6 frost giant zombies
  A cyclops (shapeshifter) (Depths:5)
  9 salamanders
  8 fauns
  11 orc sorcerers
  5 shadow dragon skeletons
  55 ugly things
  12 orb spiders
  8 cyclopes
  2 iron dragon skeletons
  11 fire giant zombies
  10 shining eyes
  A moth of wrath (shapeshifter) (Vaults:4)
  27 moths of wrath
  8 manticores
  40 large abominations
  11 dire elephant zombies
  6 stone giant skeletons
  10 merfolk sirens
  12 elephants
  5 fire giant skeletons
  3 worldbinders
  A titan simulacrum (Coc:6)
  2 guardian serpents
  2 apocalypse crabs
  17 vault sentinels
  5 eyes of devastation
  3 centaur skeletons
  26 smoke demons
  8 spiny frogs
  16 molten gargoyles
  2 torpor snails
  6 black mambas
  8 frost giant skeletons
  4 shock serpent zombies
  3 water nymphs
  A torpor snail (shapeshifter) (Vaults:5)
  46 rust devils
  2 gargoyles
  20 orange demons
  38 hellions
  2 catoblepas zombies
  3 shock serpent skeletons
  A demonspawn skeleton (WizLab)
  2 rime drakes
  A kobold demonologist (D:13)
  An anaconda simulacrum (Coc:7)
  13 efreet
  2 komodo dragons (shapeshifter)
  9 komodo dragons
  An emperor scorpion zombie (Dis:6)
  2 spectral redbacks (Spider:4)
  A golden dragon simulacrum (Hell)
  5 dire elephant skeletons
  A white draconian skeleton (Crypt:3)
  40 ice devils
  17 demonic crawlers
  5 catoblepas skeletons
  79 tormentors
  29 freezing wraiths
  57 yaktaurs
  A yaktaur skeleton (Vaults:1)
  A yaktaur (shapeshifter) (Vaults:5)
  2 hellwings
  18 hydra zombies
  A guardian mummy (D:13)
  47 red devils
  2 redback zombies (Spider:4)
  7 tengu conjurers
  2 spriggan skeletons
  9 ancient zymes
  28 merfolk
  10 harpy zombies
  A jumping spider (shapeshifter) (Abyss:2)
  3 polar bears
  A meliai (shapeshifter) (Elf:1)
  5 wind drakes
  2 polar bears (shapeshifter)
  31 jumping spiders
  3 silent spectres
  A wind drake (shapeshifter) (D:15)
  16 hornets
  15 blink frogs
  3 trolls
  A spectral jumping spider (Spider:4)
  A harpy skeleton (Coc:7)
  4 spectral tarantellas (Spider:4)
  10 snapping turtles
  17 raiju
  Grinder (D:3)
  16 ettin zombies
  6 dream sheep
  A blink frog (shapeshifter) (D:10)
  8 hydra skeletons
  12 ice dragon zombies
  A tarantella zombie (Spider:4)
  2 bog bodies
  5 fire dragon zombies
  164 slime creatures
  17 hippogriffs
  5 alligator zombies
  3 deep troll zombies (Hell)
  2 air elementals (Elf:1)
  3 spriggan zombies (Hell)
  26 shadows
  A stone giant simulacrum (Vaults:2)
  131 flying skulls
  3 ice dragon skeletons
  Sigmund (D:2)
  2 alligator skeletons
  6 wyverns
  5 ettin skeletons
  23 ynoxinuls
  12 fire dragon skeletons
  12 water elementals
  3 black mamba zombies
  60 redbacks
  A tarantella (shapeshifter) (D:13)
  32 tarantellas
  2 vampires
  2 dire elephant simulacra
  3 basilisks (shapeshifter)
  49 wraiths
  2 humans
  An elf zombie (Vaults:1)
  2 yaks (shapeshifter)
  24 fire elementals
  A black mamba skeleton (Tar:7)
  21 golden eyes
  62 yaks
  5 basilisks
  23 chaos spawn
  2 steam dragons (Lair:6)
  5 hungry ghosts
  8 neqoxecs
  10 vampire mosquitoes
  A warg (shapeshifter) (Vaults:4)
  2 acid dragons
  6 hydra simulacra
  9 wargs
  18 spatial vortices
  An orb spider zombie (Crypt:2)
  5 insubstantial wisps
  A soldier ant (shapeshifter) (D:10)
  17 water moccasins
  Edmund (D:6)
  2 floating eyes (shapeshifter)
  3 soldier ants
  9 porcupines
  17 spiny frog zombies
  Duvessa (D:7)
  93 hell hounds
  A floating eye (Depths:2)
  A gelid demonspawn skeleton (WizLab)
  A spectral hornet (Spider:4)
  2 spiny frog skeletons
  2 hornet zombies (Spider:4)
  An infernal demonspawn skeleton (Crypt:3)
  58 orc warriors
  2 black bears
  A slave (D:7)
  29 small abominations
  4 sky beasts
  A black bear (shapeshifter) (Abyss:2)
  An ettin simulacrum (Coc:2)
  12 phantoms
  7 eyes of draining
  4 swamp dragon zombies
  30 necrophages
  5 snapping turtle zombies
  50 ogres
  3 alligator simulacra
  6 wolves
  2 human skeletons
  12 ice beasts
  3 manticore zombies
  9 centaurs
  25 boggarts
  A manticore skeleton (Tar:5)
  4 snapping turtle skeletons
  13 crocodiles
  3 swamp dragon skeletons
  3 big kobolds
  A big kobold (shapeshifter) (Vaults:4)
  26 bullfrogs
  A glowing shapeshifter simulacrum (Vaults:2)
  2 wyvern zombies
  An earth elemental (Elf:3)
  A hippogriff skeleton (Crypt:1)
  8 scorpions
  A water moccasin skeleton (D:10)
  Dowan (D:7)
  2 wyvern skeletons
  A queen bee zombie (Crypt:3)
  2 troll zombies (Geh:3)
  4 human simulacra
  14 killer bees
  100 wights
  6 howler monkeys
  A yak skeleton (Crypt:1)
  9 electric eels
  23 crimson imps
  A wolf skeleton (Crypt:1)
  A bullfrog zombie (D:13)
  6 lava snakes
  25 starcursed masses
  2 quasits
  3 centaur zombies
  10 jellies
  55 iron imps
  7 bullfrog skeletons
  3 human zombies
  43 orc priests
  4 hounds
  8 iguanas
  An iguana (shapeshifter) (Zot:3)
  28 orc wizards
  6 hell rats (Lair:3)
  16 worker ants
  A killer bee zombie (D:5)
  A big kobold zombie (Crypt:1)
  2 naga zombies
  An ogre zombie (Geh:7)
  A bullfrog simulacrum (D:11)
  A centaur simulacrum (D:11)
  A demigod skeleton (Crypt:3)
  A hound zombie (D:7)
  An ogre skeleton (Crypt:1)
  11 mummies
  17 adders
  4 gnolls (Orc:1)
  A howler monkey skeleton (Crypt:2)
  A hound simulacrum (D:11)
  21 shadow imps
  28 white imps
  A worker ant simulacrum (D:11)
  4 ufetubi
  An ooze (D:7)
  An adder skeleton (D:5)
  6 worms
  A barachi zombie (Crypt:2)
  3 dart slugs
  8 leopard geckos
  124 orcs
  7 bats
  A bat skeleton (Crypt:1)
  9 giant cockroaches
  16 goblins
  6 hobgoblins
  9 jackals
  4 quokkas
  2 ball pythons
  5 frilled lizards
  A jackal skeleton (D:6)
  15 kobolds
  2 kobold zombies
  2 orc zombies
  9 rats
  A crawling corpse (Elf:3)
  3 fungi (Elf:2)
  3 lurking horrors
  5 plants
  9 tentacles
5274 creatures vanquished.

Vanquished Creatures (collateral kills)
  A pandemonium lord (Pan)
  Khufu (Crypt:2)
  4 shard shrikes
  4 Brimstone Fiends
  An iron giant (Dis:6)
  2 Tzitzimimeh (Tar:7)
  A bone dragon (Tar:7)
  A doom hound (Tar:7)
  5 Ice Fiends
  3 Hell Sentinels
  A lich (Tar:7)
  2 Executioners (Pan)
  A warmonger (Pan)
  2 daevas (Pan)
  A balrug (Pan)
  An iron dragon (Dis:7)
  A vault warden (Vaults:3)
  8 reapers
  2 draconian shifters (Zot:2)
  A cacodemon (Pan)
  An elemental wellspring (Coc:7)
  A lorocyproca (Pan)
  4 blizzard demons
  A quicksilver dragon zombie (Geh:7)
  A vault guard (Vaults:3)
  2 hell beasts
  A monstrous demonspawn (Pan)
  A quicksilver dragon skeleton (Coc:7)
  5 ice dragons
  3 hell knights
  2 hell hogs (Geh:7)
  3 soul eaters
  2 storm dragon zombies
  2 sixfirhies (Pan)
  A sun demon (Pan)
  A titan skeleton (Coc:1)
  2 iron trolls (Dis:7)
  A ghost moth zombie (Hell)
  25 skeletal warriors
  A shadow wraith (Tar:7)
  4 anaconda zombies
  A storm dragon skeleton (Coc:1)
  An unseen horror (Tar:7)
  A quicksilver dragon simulacrum (Coc:7)
  A shadow demon (Tar:7)
  2 golden dragon zombies
  A shadow dragon zombie (Dis:6)
  An anaconda skeleton (Geh:7)
  3 phantasmal warriors
  A golden dragon skeleton (Geh:1)
  A wolf spider zombie (Dis:6)
  A fire giant zombie (Dis:7)
  A frost giant zombie (Dis:7)
  An iron dragon skeleton (Coc:6)
  4 stone giant zombies
  An iron dragon zombie (Coc:7)
  A stone giant skeleton (Coc:7)
  A dire elephant zombie (Geh:7)
  4 rust devils
  A frost giant skeleton (Coc:6)
  3 smoke demons
  2 orange demons (Pan)
  2 molten gargoyles (Geh:7)
  A catoblepas zombie (Dis:7)
  An emperor scorpion zombie (Tar:7)
  3 hellions (Geh:7)
  A shock serpent skeleton (Tar:7)
  5 freezing wraiths
  4 tormentors
  2 efreet (Geh:7)
  A catoblepas skeleton (Coc:3)
  6 ice devils
  An anaconda simulacrum (Coc:7)
  A large abomination (Pan)
  A harpy zombie (Dis:7)
  4 red devils
  10 hydra zombies
  A harpy skeleton (Coc:3)
  A shadow dragon simulacrum (Coc:2)
  An alligator zombie (Coc:3)
  2 ettin zombies
  2 fire dragon zombies
  14 flying skulls
  An ice dragon skeleton (Coc:2)
  A black mamba zombie (Geh:1)
  2 ettin skeletons
  An alligator skeleton (Geh:7)
  A fire dragon skeleton (Geh:1)
  3 wraiths
  A shadow (Tar:7)
  2 fire elementals (Hell)
  2 water elementals (Coc:6)
  A chaos spawn (Pan)
  5 hell hounds
  4 ice beasts
  An alligator simulacrum (Coc:7)
  A spiny frog skeleton (Coc:3)
  3 manticore zombies
  A necrophage (Geh:1)
  A snapping turtle skeleton (Coc:6)
  A spriggan zombie (Tar:7)
  7 wights
  A human zombie (Dis:6)
  An orc priest (Vaults:5)
  6 iron imps (Dis:7)
  A human skeleton (Geh:7)
  A shadow imp (Tar:7)
  3 white imps
  A tentacle (Coc:6)
257 creatures vanquished.

Vanquished Creatures (others)
  An ancient champion (Dis:6)
  A tengu reaver (Depths:1)
  An elemental wellspring (Coc:2)
  A blizzard demon (Coc:7)
  An ice dragon (Coc:7)
  A hell hog (Depths:3)
  An ogre mage (D:13)
  A sixfirhy (Pan)
  An efreet (Geh:7)
  2 raiju (Abyss:1)
  2 flying skulls
  An insubstantial wisp (Abyss:1)
  A hell hound (Dis:1)
  A water moccasin (shapeshifter) (Zot:3)
  An orc warrior (Vaults:5)
  A slave (D:7)
  A necrophage (Geh:7)
  A boggart (Depths:1)
  A swamp dragon skeleton (Geh:2)
  3 wights (Geh:6)
  A human zombie (Dis:4)
  An orc (D:7)
  A giant cockroach (D:7)
  2 kobolds (D:11)
  A bush (Depths:2)
  15 fungi
  A lurking horror (Abyss:1)
  20 plants
  32 starspawn tentacles
  50 tentacles
148 creatures vanquished.

Grand Total: 5679 creatures vanquished

Notes
Turn   | Place    | Note
-------+----------+-------------------------------------------
     0 | D:1      | Elvor the Minotaur Fighter began the quest for the Orb.
     0 | D:1      | Reached XP level 1. HP: 19/19 MP: 0/0
   120 | D:1      | Reached XP level 2. HP: 24/27 MP: 1/1
   531 | D:1      | Reached XP level 3. HP: 29/33 MP: 2/2
   843 | D:2      | Found a blossoming altar of Fedhas.
   924 | D:2      | Noticed Sigmund
  1315 | D:2      | Reached XP level 4. HP: 37/40 MP: 3/3
  1687 | D:2      | Killed Sigmund
  1687 | D:2      | Reached skill level 5 in Fighting
  1687 | D:2      | Reached XP level 5. HP: 18/48 MP: 4/4
  1733 | D:2      | Noticed a moth of wrath
  1735 | D:2      | Found a bloodstained altar of Trog.
  2017 | D:3      | Reached XP level 6. HP: 45/56 MP: 5/5
  2080 | D:3      | Reached skill level 1 in Dodging
  2130 | D:3      | Reached skill level 5 in Maces & Flails
  2244 | D:3      | Noticed Grinder
  2268 | D:3      | Killed Grinder
  2268 | D:3      | Reached skill level 1 in Throwing
  2268 | D:3      | Reached skill level 5 in Shields
  2268 | D:3      | Reached XP level 7. HP: 60/63 MP: 6/6
  2287 | D:3      | Noticed a +0 dagger
  2287 | D:3      | Noticed a +0 hand axe
  2289 | D:3      | Found a hide-covered altar of Uskayaw.
  2297 | D:3      | Found a basalt altar of Yredelemnul.
  2563 | D:3      | Reached skill level 5 in Armour
  3118 | D:4      | Found a white marble altar of Elyvilon.
  3550 | D:5      | Entered Level 5 of the Dungeon
  3594 | D:5      | Reached XP level 8. HP: 67/71 MP: 7/7
  3796 | D:5      | Found Asajemam's Antique Weapon Shop.
  4951 | D:6      | Reached XP level 9. HP: 81/81 MP: 8/8
  4983 | D:6      | Found a staircase to the Ecumenical Temple.
  4992 | Temple   | Entered the Ecumenical Temple
  5130 | Temple   | Became a worshipper of Warmaster Okawaru
  5197 | D:6      | Noticed Edmund
  5210 | D:6      | Killed Edmund
  5433 | D:7      | Noticed Pikel
  5452 | D:7      | Killed Pikel
  5452 | D:7      | Reached * piety under Okawaru
  5452 | D:7      | Reached skill level 10 in Maces & Flails
  5579 | D:7      | Noticed Dowan
  5589 | D:7      | Noticed Duvessa
  5615 | D:7      | Killed Dowan
  5617 | D:7      | Killed Duvessa
  5617 | D:7      | Reached ** piety under Okawaru
  6229 | D:8      | Reached XP level 10. HP: 91/91 MP: 9/9
  6327 | D:8      | Noticed a two-headed ogre
  6330 | D:8      | Found a hazy altar of Hepliaklqana.
  6331 | D:8      | Found a shadowy altar of Dithmenos.
  6331 | D:8      | Found a shimmering altar of Xom.
  6333 | D:8      | Found a stormy altar of Qazlal.
  6334 | D:8      | Found a snail-covered altar of Cheibriados.
  6830 | D:7      | Killed a two-headed ogre
  7102 | D:8      | Reached skill level 5 in Throwing
  7123 | D:9      | Reached *** piety under Okawaru
  7154 | D:9      | Noticed an elephant
  7170 | D:9      | Killed an elephant
  7170 | D:9      | Reached skill level 10 in Fighting
  7201 | D:9      | Found a staircase to the Lair.
  7679 | D:9      | Found a large runed translucent door.
  7710 | D:9      | Found a large runed translucent door.
  7711 | D:9      | Noticed Elvor's ghost (journeyman MiFi)
  8283 | D:10     | Entered Level 10 of the Dungeon
  8287 | D:10     | Found a shadowy altar of Dithmenos.
  8716 | D:10     | Found a runed translucent gate.
  8716 | D:10     | Found a runed translucent gate.
  8716 | D:10     | Found a runed translucent gate.
  8717 | D:10     | Noticed a red ugly thing
  8717 | D:10     | Noticed a cyan ugly thing
  8717 | D:10     | Noticed a purple very ugly thing
  8717 | D:10     | Noticed a cyan ugly thing
  8718 | D:10     | Noticed a green ugly thing
  8718 | D:10     | Noticed a brown ugly thing
  8720 | D:10     | Noticed a white ugly thing
  8775 | D:10     | Noticed a two-headed ogre
  8784 | D:10     | Killed a two-headed ogre
  8784 | D:10     | Reached **** piety under Okawaru
  8784 | D:10     | Reached XP level 11. HP: 86/101 MP: 10/10
  9074 | D:10     | Reached ***** piety under Okawaru
 10121 | D:11     | Found a staircase to the Orcish Mines.
 10150 | D:11     | Got an ichor-stained falchion
 10186 | D:10     | Identified the +1 falchion of the Magi {venom, rElec rF+
                  | rC+ Stlth+} (You found it on level 11 of the Dungeon)
 10603 | D:11     | Noticed a two-headed ogre
 10634 | D:11     | Noticed a cyan ugly thing
 10824 | D:11     | Killed a two-headed ogre
 10824 | D:11     | Received a gift from Okawaru
 10833 | D:11     | Killed a cyan ugly thing
 11049 | D:11     | Found a blossoming altar of Fedhas.
 11051 | D:11     | Noticed an oklob plant
 11051 | D:11     | Noticed an oklob plant
 11151 | D:11     | Killed an oklob plant
 11163 | D:11     | Killed an oklob plant
 11289 | D:12     | Reached ****** piety under Okawaru
 11289 | D:12     | Reached XP level 12. HP: 65/112 MP: 11/11
 11368 | D:12     | Received a gift from Okawaru
 11768 | D:11     | Paralysed by a hornet for 1 turns
 11982 | D:12     | Received a gift from Okawaru
 12202 | D:12     | Reached skill level 10 in Armour
 12395 | D:12     | Noticed Kirke
 12526 | D:12     | Reached skill level 10 in Shields
 12635 | D:12     | Learned a level 1 spell: Apportation
 12637 | D:12     | Learned a level 1 spell: Summon Butterflies
 12787 | D:9      | Killed Elvor's ghost
 12906 | D:10     | Reached skill level 1 in Invocations
 13350 | D:10     | Killed a red very ugly thing
 13366 | D:10     | Found a runed translucent gate.
 13366 | D:10     | Found a runed translucent gate.
 13370 | D:10     | Found a runed translucent gate.
 13380 | D:10     | Noticed wjchen's ghost (journeyman MiFi)
 13404 | D:10     | Gained mutation: You are frail. (-10% HP) [a neqoxec]
 13416 | D:10     | Received a gift from Okawaru
 13430 | D:10     | Killed wjchen's ghost
 13500 | D:10     | Gained mutation: You tend to lose your temper in combat.
                  | [mutagenic glow]
 13533 | D:10     | Lost mutation: You are frail. (-10% HP) [mutagenic glow]
 13618 | Lair:1   | Entered Level 1 of the Lair of Beasts
 13618 | Lair:1   | Noticed a seven-headed hydra
 13642 | Lair:1   | HP: 4/115 [seven-headed hydra (2)]
 13645 | Lair:1   | Killed a seven-headed hydra
 13645 | Lair:1   | Received a gift from Okawaru
 13790 | Lair:1   | Got a brightly glowing flail
 13791 | Lair:1   | Identified the cursed +3 flail "Demp" {drain, Dex+2} (You
                  | found it on level 1 of the Lair of Beasts)
 14047 | Lair:1   | Reached skill level 1 in Stealth
 14047 | Lair:1   | Reached XP level 13. HP: 105/122 MP: 13/13
 14107 | Lair:1   | Received a gift from Okawaru
 14872 | Lair:2   | Found a hole to the Spider Nest.
 15758 | Lair:3   | Received a gift from Okawaru
 15758 | Lair:3   | Reached skill level 1 in Long Blades
 16297 | Lair:4   | Reached XP level 14. HP: 105/133 MP: 12/14
 17252 | Lair:5   | Found a staircase to the Slime Pits.
 17264 | Lair:5   | Found a viscous altar of Jiyva.
 17361 | Lair:5   | Received a gift from Okawaru
 17370 | Lair:5   | Reached skill level 15 in Fighting
 17430 | Lair:5   | Noticed Josephine
 17443 | Lair:5   | Killed Josephine
 17443 | Lair:5   | Received a gift from Okawaru
 17772 | Lair:6   | Entered Level 6 of the Lair of Beasts
 18258 | Lair:6   | Reached skill level 10 in Throwing
 18358 | Lair:6   | Reached skill level 15 in Maces & Flails
 18944 | Lair:6   | Found a large runed translucent door.
 18945 | Lair:6   | Found a large runed translucent door.
 19816 | Orc:1    | Entered Level 1 of the Orcish Mines
 19859 | Orc:1    | Received a gift from Okawaru
 19876 | Orc:1    | Found a flagged portal.
 19882 | Bailey   | Entered a bailey
 20428 | Bailey   | Received a gift from Okawaru
 20444 | Bailey   | Identified a +1 pair of boots of running (Okawaru gifted it
                  | to you in a bailey)
 20511 | Orc:1    | Noticed Urug
 20526 | Orc:1    | Killed Urug
 20707 | Orc:1    | Reached XP level 15. HP: 144/144 MP: 15/15
 20743 | Orc:2    | Entered Level 2 of the Orcish Mines
 21240 | Orc:2    | Found a roughly hewn altar of Beogh.
 21274 | Orc:2    | Noticed an orc warlord
 21307 | Orc:2    | Killed an orc warlord
 21637 | Orc:2    | Found Wonoiz's Jewellery Emporium.
 21676 | Orc:2    | Found Ugydd's Weapon Shoppe.
 21897 | Orc:2    | Reached skill level 1 in Evocations
 21995 | Orc:2    | Found a staircase to the Elven Halls.
 22344 | Orc:2    | Paralysed by an orc sorcerer for 4 turns
 22409 | Orc:2    | Found Dumuq's Food Boutique.
 22642 | Orc:2    | Noticed an orc warlord
 22667 | Orc:2    | Killed an orc warlord
 22715 | Orc:2    | Found a roughly hewn altar of Beogh.
 22811 | Orc:2    | Found Rabronug's Book Shop.
 24172 | D:12     | Killed Kirke
 24172 | D:12     | Received a gift from Okawaru
 24472 | D:13     | Found a portal to a secret trove of treasure.
 24950 | D:13     | Received a gift from Okawaru
 25230 | D:13     | Identified the +8 arbalest of Cerul {venom, Str+2 Dex+3
                  | Stlth-}
 25537 | D:14     | Noticed Nessos
 25611 | D:14     | Received a gift from Okawaru
 25612 | D:14     | Got a smoking robe {god gift}
 25623 | D:14     | Identified the +2 robe of Hij Kuur {rC+} (Okawaru gifted it
                  | to you on level 14 of the Dungeon)
 25906 | D:14     | Killed Nessos
 25924 | D:14     | Found a gate to the Vaults.
 26118 | D:14     | Identified 2 scrolls of acquirement
 26408 | D:14     | Acquired a +2 eveningstar of draining
 26410 | D:14     | Acquired 2350 gold pieces
 26452 | D:14     | Reached XP level 16. HP: 155/155 MP: 18/18
 26590 | D:15     | Entered Level 15 of the Dungeon
 26619 | D:15     | Reached skill level 5 in Dodging
 26687 | D:15     | Noticed Jorgrun
 26704 | D:14     | Killed Jorgrun
 26740 | D:15     | Reached skill level 5 in Invocations
 26746 | D:15     | Found a flickering gateway to a bazaar.
 26753 | D:15     | Noticed Louise
 26756 | Bazaar   | Entered a bazaar
 26756 | Bazaar   | Found Lijoficu's Antique Weapon Shoppe.
 26767 | Bazaar   | Found Iniroyg's Gadget Boutique.
 26778 | Bazaar   | Found Dathru Peitu's General Store.
 26783 | Bazaar   | Found Qozeb's Distillery.
 26798 | Bazaar   | Found Gysmoom's Antique Armour Boutique.
 26853 | Bazaar   | Bought a potion of resistance for 150 gold pieces
 26853 | Bazaar   | Bought a potion of curing for 45 gold pieces
 26853 | Bazaar   | Bought a potion of resistance for 150 gold pieces
 26853 | Bazaar   | Bought a potion of stabbing for 60 gold pieces
 26853 | Bazaar   | Bought a potion of curing for 45 gold pieces
 26853 | Bazaar   | Bought a potion of haste for 150 gold pieces
 26853 | Bazaar   | Bought a potion of haste for 150 gold pieces
 26866 | Bazaar   | Bought a distressingly furry chain mail for 218 gold pieces
 26876 | Bazaar   | Identified the +7 chain mail "Cuit" {+Inv} (You bought it
                  | in a shop in a bazaar)
 26911 | Bazaar   | Bought a wand of enslavement (5) for 70 gold pieces
 26961 | D:15     | Killed Louise
 27499 | D:15     | Found a staircase to the Depths.
 27634 | D:15     | Identified Roxanne's Almanac of Earth
 27634 | D:15     | Noticed Roxanne
 27656 | D:15     | Killed Roxanne
 28340 | Lair:1   | You fall into a shaft and drop 1 floor!
 28929 | Lair:2   | Found a staircase to the Shoals.
 28955 | Spider:1 | Entered Level 1 of the Spider Nest
 29457 | Spider:1 | Received a gift from Okawaru
 29955 | Spider:2 | Received a gift from Okawaru
 30611 | Spider:1 | Reached skill level 5 in Evocations
 31025 | Spider:2 | Got a crystal long sword
 31026 | Spider:2 | Identified the +8 long sword "Gorphi" {venom, rElec Dex+9
                  | SInv} (You found it on level 2 of the Spider Nest)
 31590 | Spider:3 | Found a runed translucent door.
 31598 | Spider:3 | Noticed sinusoid's ghost (adept TrAK)
 32333 | Spider:3 | Killed sinusoid's ghost
 32333 | Spider:3 | Received a gift from Okawaru
 32343 | Spider:3 | Got a steaming bardiche
 32349 | Spider:3 | Identified the +11 bardiche of Gozag's Castigation {drain,
                  | *Noise rC+ rN+++} (You found it on level 3 of the Spider
                  | Nest)
 32422 | Spider:4 | Entered Level 4 of the Spider Nest
 32430 | Spider:4 | Reached XP level 17. HP: 163/163 MP: 20/20
 32572 | Spider:4 | Received a gift from Okawaru
 33757 | Spider:4 | Received a gift from Okawaru
 33814 | Spider:4 | Reached skill level 15 in Shields
 34002 | Spider:4 | Received a gift from Okawaru
 34468 | Spider:4 | Received a gift from Okawaru
 34499 | Spider:4 | Received a gift from Okawaru
 34577 | Spider:4 | Got a gossamer rune of Zot
 35354 | Orc:2    | Bought an uncursed ring of flight for 245 gold pieces
 35571 | Shoals:1 | Entered Level 1 of the Shoals
 35577 | Shoals:1 | Noticed a kraken
 35887 | Shoals:1 | Noticed a quicksilver dragon
 35887 | Shoals:1 | a kraken changed into a quicksilver dragon
 35895 | Shoals:1 | Killed a quicksilver dragon
 36096 | Shoals:1 | Noticed a kraken
 36157 | Shoals:1 | Killed a kraken
 36378 | Shoals:1 | Reached XP level 18. HP: 173/173 MP: 20/23
 37378 | Shoals:3 | Received a gift from Okawaru
 37979 | Shoals:4 | Entered Level 4 of the Shoals
 38445 | Shoals:4 | Found the +7 great mace "Undeadhunter" {disrupt, rN+}
 38946 | Shoals:4 | Noticed Ilsuiw
 38997 | Shoals:4 | Received a gift from Okawaru
 39310 | Shoals:4 | Killed Ilsuiw
 39537 | Shoals:4 | Received a gift from Okawaru
 39640 | Shoals:4 | Noticed Polyphemus
 39665 | Shoals:4 | Killed Polyphemus
 39673 | Shoals:4 | Received a gift from Okawaru
 39690 | Shoals:4 | Got a bound ivory ring
 39692 | Shoals:4 | Identified the ring "Eduynamisi" {AC+4 Dex+4} (You found it
                  | on level 4 of the Shoals)
 40198 | Shoals:4 | Got a barnacled rune of Zot
 41184 | Vaults:1 | Entered Level 1 of the Vaults
 41193 | Vaults:1 | Received a gift from Okawaru
 41195 | Vaults:1 | Got a pair of crude boots {god gift}
 41206 | Vaults:1 | Identified the -7 pair of boots of Good Intentions {+Blink
                  | rPois} (Okawaru gifted it to you on level 1 of the Vaults)
 41233 | Vaults:1 | Found Verhijea's General Store.
 41376 | Vaults:1 | Reached XP level 19. HP: 181/181 MP: 24/24
 42086 | Vaults:1 | Reached skill level 10 in Dodging
 42194 | Vaults:1 | Received a gift from Okawaru
 42301 | Vaults:1 | Noticed Donald
 42445 | Vaults:1 | Killed Donald
 43711 | Vaults:2 | Reached skill level 10 in Invocations
 43805 | Vaults:2 | Reached skill level 15 in Throwing
 43861 | Vaults:2 | Received a gift from Okawaru
 44323 | Vaults:2 | Reached XP level 20. HP: 155/193 MP: 26/26
 44325 | Vaults:2 | Received a gift from Okawaru
 45341 | Vaults:3 | Noticed Boris
 45362 | Vaults:2 | Killed Boris
 45386 | Vaults:3 | Received a gift from Okawaru
 45441 | Vaults:3 | Received a gift from Okawaru
 45461 | Vaults:3 | Got a shimmering tower shield {god gift}
 45475 | Vaults:3 | Found a flickering gateway to a bazaar.
 45489 | Bazaar   | Entered a bazaar
 45489 | Bazaar   | Found Xuaz's Magic Scroll Shop.
 45489 | Bazaar   | Found Zeofudgh's Armour Emporium.
 45489 | Bazaar   | Found Leizic's Distillery.
 45489 | Bazaar   | Found Tanost's Jewellery Shoppe.
 45491 | Bazaar   | Found Upyxoiwn's Antique Weapon Shoppe.
 45551 | Bazaar   | Identified the +9 tower shield of Bespelled Leaves {rF+
                  | rC++ Str-4 SInv Stlth+} (Okawaru gifted it to you on level
                  | 3 of the Vaults)
 45564 | Bazaar   | Bought a scroll of enchant weapon for 90 gold pieces
 45564 | Bazaar   | Bought a scroll of teleportation for 36 gold pieces
 45564 | Bazaar   | Bought a scroll of fog for 24 gold pieces
 45567 | Bazaar   | Bought a potion of curing for 24 gold pieces
 45567 | Bazaar   | Bought a potion of curing for 24 gold pieces
 45567 | Bazaar   | Bought a potion of haste for 80 gold pieces
 45567 | Bazaar   | Bought a potion of curing for 24 gold pieces
 45567 | Bazaar   | Bought 2 potions of mutation for 128 gold pieces
 45592 | Bazaar   | Bought a scarf of resistance for 288 gold pieces
 45944 | Vaults:3 | Found a staircase to the Crypt.
 46181 | Vaults:4 | Found a magical portal.
 46207 | WizLab   | Entered The Roulette of Golubria
 46207 | WizLab   | Found a transporter.
 46212 | WizLab   | Found a corrupted altar of Lugonu.
 46236 | WizLab   | Found a transporter.
 46244 | WizLab   | Found a transporter.
 46301 | WizLab   | Found a transporter.
 46350 | WizLab   | Found a transporter.
 46444 | WizLab   | Found a transporter.
 46445 | WizLab   | Found a transporter.
 46456 | WizLab   | Found a corrupted altar of Lugonu.
 46473 | WizLab   | Found a transporter.
 46493 | WizLab   | Found a transporter.
 46499 | WizLab   | Found a corrupted altar of Lugonu.
 46528 | WizLab   | Found a transporter.
 46546 | WizLab   | Found a transporter.
 46590 | WizLab   | Found a transporter.
 46654 | WizLab   | Found a transporter.
 46654 | WizLab   | Found a transporter.
 46717 | WizLab   | Found a transporter.
 46764 | WizLab   | Identified Golubria's Reference Book on Dislocation
 46775 | WizLab   | Got an ichor-stained cloak
 46779 | WizLab   | Got a jewelled cloak
 46799 | WizLab   | Got a polished cloak
 46853 | WizLab   | Identified the +0 cloak "Mahureic" {+Fly Stlth+} (You found
                  | it in a wizard's laboratory)
 46863 | WizLab   | Identified the +1 cloak of the Armadillo {rElec} (You found
                  | it in a wizard's laboratory)
 46873 | WizLab   | Identified the +0 cloak "Uqusah" {Regen+} (You found it in
                  | a wizard's laboratory)
 46931 | WizLab   | Found a transporter.
 46971 | WizLab   | Found a transporter.
 46971 | WizLab   | Found a transporter.
 47295 | WizLab   | Found a transporter.
 47331 | WizLab   | Learned a level 2 spell: Blink
 47334 | WizLab   | Learned a level 2 spell: Swiftness
 47430 | WizLab   | Found a transporter.
 47715 | Vaults:4 | Noticed Boris
 47739 | Vaults:4 | Killed Boris
 48096 | Vaults:4 | Received a gift from Okawaru
 48106 | Vaults:4 | Reached skill level 10 in Evocations
 48448 | Vaults:4 | Reached XP level 21. HP: 135/201 MP: 28/28
 48492 | Vaults:4 | Received a gift from Okawaru
 49779 | D:13     | You paid a toll of 15 scrolls of teleportation to enter a
                  | treasure trove
 49780 | Trove    | Entered a treasure trove
 49823 | Trove    | Identified Wemif's Catalogue of Entrancing Conjuration
 50264 | Elf:1    | Entered Level 1 of the Elven Halls
 50371 | Elf:1    | Identified Sif Muna's Grimoire of Companions
 50516 | Elf:1    | Found Tyzemo's General Store.
 50522 | Elf:1    | Bought a scroll of teleportation for 45 gold pieces
 50889 | Elf:1    | Reached skill level 1 in Spellcasting
 51813 | Elf:2    | Received a gift from Okawaru
 51936 | Elf:2    | Reached skill level 15 in Armour
 52101 | Elf:2    | Found a huge runed translucent gate.
 52102 | Elf:2    | Found a huge runed translucent gate.
 52104 | Elf:2    | Found a huge runed translucent gate.
 52104 | Elf:2    | Found a huge runed translucent gate.
 52104 | Elf:2    | Found a huge runed translucent gate.
 52148 | Elf:2    | Received a gift from Okawaru
 52153 | Elf:2    | Got a steaming chain mail {god gift}
 52164 | Elf:2    | Identified the +0 chain mail of Ufoypuph {Int+5} (Okawaru
                  | gifted it to you on level 2 of the Elven Halls)
 52765 | Elf:3    | Entered Level 3 of the Elven Halls
 52893 | Elf:3    | Got an ancient trident
 52894 | Elf:3    | Identified the +6 trident of Wyintavie {vorpal, Int+4} (You
                  | found it on level 3 of the Elven Halls)
 53398 | Elf:3    | Acquired a manual of Translocations
 53576 | Elf:3    | Identified the ring of the Cicada {*Tele rC+ Int+4}
 53643 | Elf:3    | Reached XP level 22. HP: 196/213 MP: 29/29
 53657 | Elf:3    | Received a gift from Okawaru
 53715 | Elf:3    | Received a gift from Okawaru
 53790 | Elf:3    | Received a gift from Okawaru
 53802 | Elf:3    | Got an opal-encrusted plate armour {god gift}
 53813 | Elf:3    | Identified the +2 plate armour of the Evening {+Fly rElec
                  | Str+2} (Okawaru gifted it to you on level 3 of the Elven
                  | Halls)
 53854 | Elf:3    | Identified the cursed +1 leather armour "Assolin" {MR+}
 53985 | Elf:3    | Identified the ring "Hasiab" {rPois rC+ Int+3}
 54128 | Elf:3    | Got a smelly plate armour
 54139 | Elf:3    | Identified the +4 plate armour of the Thinker {rN++ rCorr
                  | Dex+3 Stlth+} (You found it on level 3 of the Elven Halls)
 54198 | Elf:3    | Identified Giys's Reference Book on Quantum Toxins
 55505 | Depths:1 | Entered Level 1 of the Depths
 55840 | Depths:1 | Found a gateway to Hell.
 55980 | Depths:1 | Noticed Sojobo
 56273 | Depths:1 | Killed Sojobo
 57131 | Depths:2 | Received a gift from Okawaru
 57313 | Depths:2 | Received a gift from Okawaru
 57337 | Depths:2 | Reached skill level 5 in Spellcasting
 57429 | Depths:2 | Found a runed translucent door.
 57429 | Depths:2 | Noticed TangoThomas's ghost (journeyman TeBe)
 57455 | Depths:2 | Killed TangoThomas's ghost
 57670 | Depths:2 | Noticed a caustic shrike
 57700 | Depths:2 | Reached XP level 23. HP: 222/222 MP: 30/30
 57715 | Depths:2 | Killed a caustic shrike
 58475 | Depths:2 | Noticed Boris
 58669 | Depths:2 | Noticed Mara
 58738 | Depths:2 | Noticed Elvor's illusion
 58743 | Depths:2 | Killed Mara
 58952 | Depths:3 | Received a gift from Okawaru
 59100 | Depths:3 | Found a one-way gate leading to the halls of Pandemonium.
 59378 | Depths:3 | Noticed Jory
 59425 | Depths:3 | Killed Jory
 59438 | Depths:3 | You fall into a shaft and drop 1 floor!
 59447 | Depths:3 | Found a gateway to a ziggurat.
 59573 | Depths:3 | Noticed Nikola
 59586 | Depths:3 | Killed Nikola
 59586 | Depths:3 | Received a gift from Okawaru
 60384 | Depths:4 | Identified the +7 battleaxe of Ciasiun {flame, rPois SInv}
 60491 | Depths:4 | Found a one-way gate to the infinite horrors of the Abyss.
 60550 | Depths:4 | Reached XP level 24. HP: 233/233 MP: 31/31
 60671 | Depths:4 | Reached skill level 15 in Dodging
 61493 | Depths:4 | Received a gift from Okawaru
 61546 | Depths:4 | Got a pitted falchion {god gift}
 61785 | Depths:4 | Identified the +5 falchion of Infinite Pain {flame, +Inv
                  | rF+} (Okawaru gifted it to you on level 4 of the Depths)
 62050 | Depths:5 | Entered Level 5 of the Depths
 62087 | Depths:5 | Found Peblor's Antique Armour Shop.
 62260 | Depths:5 | Found Roniunex's Weapon Shoppe.
 62426 | Depths:5 | Got a fine spear
 62545 | Depths:4 | Identified the +4 spear "Ercher" {pain, Dex+3} (You found
                  | it on level 5 of the Depths)
 62803 | Depths:5 | Found a gate to the Realm of Zot.
 62846 | Depths:5 | Received a gift from Okawaru
 63251 | D:11     | Acquired 1220 gold pieces
 64233 | Depths:5 | Bought the +10 zealot's sword {holy, *Rage rN+ EV+3} for
                  | 2213 gold pieces
 64233 | Depths:5 | Found the +10 zealot's sword {holy, *Rage rN+ EV+3}
 64732 | Vaults:5 | Entered Level 5 of the Vaults
 65047 | Vaults:5 | Reached XP level 25. HP: 186/242 MP: 33/33
 65059 | Vaults:4 | Reached skill level 5 in Long Blades
 65369 | Vaults:4 | Received a gift from Okawaru
 65435 | Vaults:4 | HP: 4/245 [tengu reaver/bolt of poison (56)]
 65940 | Vaults:5 | Identified the +6 spear "Feimuc" {antimagic, Int+5 Dex+2}
 66115 | Vaults:4 | Received a gift from Okawaru
 66291 | Vaults:5 | Noticed an ancient lich
 66397 | Vaults:5 | Identified the ring "Peng" {rF+ rC++ MP+9 Str+6 Int+2}
 66551 | Vaults:4 | Killed an ancient lich
 67093 | Vaults:5 | Noticed an ancient lich
 67108 | Vaults:5 | Paralysed by an ancient lich for 4 turns
 67130 | Vaults:5 | Killed an ancient lich
 67169 | Vaults:5 | Got a smoking ring mail
 67392 | Vaults:4 | Identified the cursed +0 ring mail of Exclusion {rElec rN+}
                  | (You found it on level 5 of the Vaults)
 67482 | Vaults:5 | Received a gift from Okawaru
 67544 | Vaults:5 | Got a steaming flail
 67545 | Vaults:5 | Identified the cursed +0 flail of Poawkali {vorpal, rPois
                  | rC+ Stlth-} (You found it on level 5 of the Vaults)
 67935 | Vaults:4 | .
 67935 | Vaults:4 | .
 68068 | Vaults:5 | Got smoking pearl dragon scales
 68069 | Vaults:5 | Identified the cursed +1 pearl dragon scales of Angabbya
                  | {rElec rN+ MR+} (You found it on level 5 of the Vaults)
 68170 | Vaults:5 | Got a scintillating marble ring
 68177 | Vaults:5 | Got a bloodstained ring mail
 68178 | Vaults:5 | Identified the ring "Othome" {*Slow rElec rF+++ rC+++
                  | Dex+6} (You found it on level 5 of the Vaults)
 68189 | Vaults:5 | Identified the +8 ring mail "Ecaedwi" {Stlth+} (You found
                  | it on level 5 of the Vaults)
 68451 | Vaults:5 | Received a gift from Okawaru
 68479 | Vaults:5 | Got a blackened scimitar
 68489 | Vaults:5 | Got a pair of dazzling boots
 68494 | Vaults:5 | Got a silver rune of Zot
 68600 | Vaults:4 | Identified the +8 scimitar of the Ass {protect, rElec} (You
                  | found it on level 5 of the Vaults)
 68612 | Vaults:4 | Identified the cursed -4 pair of boots of the End {Str+3}
                  | (You found it on level 5 of the Vaults)
 68715 | Vaults:5 | Identified the +4 kite shield of the Barber Surgeon {rN+}
 69895 | Slime:1  | Entered Level 1 of the Pits of Slime
 69898 | Lair:5   | Gained mutation: Your spells are a little easier to cast,
                  | but a little less powerful. [a shining eye]
 69907 | Slime:1  | Gained mutation: You are clumsy. (Dex -2) [a shining eye]
 69947 | Slime:1  | Gained mutation: You have large cloven feet. [a shining
                  | eye]
 69948 | Slime:1  | Gained mutation: You are weak. (Str -2) [a shining eye]
 70233 | Slime:1  | Reached XP level 26. HP: 242/256 MP: 34/34
 71058 | Slime:2  | Received a gift from Okawaru
 71387 | Slime:2  | Gained mutation: You often lose your temper in combat. [a
                  | shining eye]
 72381 | Slime:4  | Received a gift from Okawaru
 72444 | Slime:3  | Gained mutation: You are dopey. (Int -2) [a shining eye]
 72446 | Slime:3  | Gained mutation: Your spells are easier to cast, but less
                  | powerful. [a shining eye]
 72453 | Slime:3  | Gained mutation: Your magical capacity is low. (-10% MP) [a
                  | shining eye]
 72577 | Slime:2  | Gained mutation: Your body sometimes deteriorates upon
                  | taking damage. [a shining eye]
 72585 | Slime:3  | Received a gift from Okawaru
 73140 | Slime:2  | Paralysed by a great orb of eyes for 2 turns
 73319 | Slime:5  | Entered Level 5 of the Pits of Slime
 73674 | Slime:5  | Received a gift from Okawaru
 74440 | Slime:5  | Noticed the Royal Jelly
 74470 | Slime:5  | Killed the Royal Jelly
 74861 | Slime:5  | Got a slimy rune of Zot
 74976 | Slime:5  | Got an ichor-stained war axe
 74984 | Slime:5  | Got a crystal flail
 75003 | Slime:5  | Identified the cursed +0 war axe "Pomoa" {antimagic, rElec
                  | rC+} (You found it on level 5 of the Pits of Slime)
 75004 | Slime:5  | Identified the +3 flail "Ridyiqud" {flame, rC+ Int+3 Dex+3}
                  | (You found it on level 5 of the Pits of Slime)
 75116 | Slime:5  | Got a glittering copper ring
 75119 | Slime:5  | Got a heavily runed pewter ring
 75158 | Slime:5  | Identified the ring "Owi Zam" {*Corrode rN+++ MR- Int+5
                  | Dex+6 Stlth+} (You found it on level 5 of the Pits of
                  | Slime)
 75160 | Slime:5  | Identified the ring of Miekeasch {MR++ AC+4 Dex+3} (You
                  | found it on level 5 of the Pits of Slime)
 75168 | Slime:5  | Got a translucent mace
 75186 | Slime:5  | Identified the +9 mace "Hisak" {venom, *Contam Str+2 Dex+5}
                  | (You found it on level 5 of the Pits of Slime)
 75992 | D:11     | Lost mutation: You are dopey. (Int -2) [potion of mutation]
 75992 | D:11     | Lost mutation: Your spells are easier to cast, but less
                  | powerful. [potion of mutation]
 75992 | D:11     | Lost mutation: You are clumsy. (Dex -2) [potion of
                  | mutation]
 75992 | D:11     | Gained mutation: You are partially covered in large bone
                  | plates. (SH +4) [potion of mutation]
 75992 | D:11     | Lost mutation: You have large cloven feet. [potion of
                  | mutation]
 75992 | D:11     | Lost mutation: Your body sometimes deteriorates upon taking
                  | damage. [potion of mutation]
 75992 | D:11     | Gained mutation: You have large cloven feet. [potion of
                  | mutation]
 75993 | D:11     | Lost mutation: You have large cloven feet. [potion of
                  | mutation]
 75993 | D:11     | Lost mutation: Your spells are a little easier to cast, but
                  | a little less powerful. [potion of mutation]
 75993 | D:11     | Lost mutation: You often lose your temper in combat.
                  | [potion of mutation]
 75993 | D:11     | Lost mutation: You are weak. (Str -2) [potion of mutation]
 75993 | D:11     | Gained mutation: You are partially covered in slimy green
                  | scales. (AC +2) [potion of mutation]
 75994 | D:11     | Lost mutation: Your magical capacity is low. (-10% MP)
                  | [potion of mutation]
 75994 | D:11     | Lost mutation: You tend to lose your temper in combat.
                  | [potion of mutation]
 75994 | D:11     | Gained mutation: Your body sometimes deteriorates upon
                  | taking damage. [potion of mutation]
 75994 | D:11     | Gained mutation: You are covered in fur. (AC +1) [potion of
                  | mutation]
 75995 | D:11     | Lost mutation: You are covered in fur. (AC +1) [potion of
                  | mutation]
 75995 | D:11     | Lost mutation: Your body sometimes deteriorates upon taking
                  | damage. [potion of mutation]
 75995 | D:11     | Gained mutation: Scrolls take you a little longer to read.
                  | [potion of mutation]
 75995 | D:11     | Gained mutation: Your muscles are strong. (Str +2) [potion
                  | of mutation]
 76209 | Depths:4 | Voluntarily entered the Abyss.
 76261 | Abyss:1  | Got an ancient ring mail
 76862 | Abyss:1  | Received a gift from Okawaru
 77014 | Abyss:1  | Paralysed by accursed screaming for 1 turns
 77025 | Abyss:1  | Reached XP level 27. HP: 179/266 MP: 35/35
 77442 | Abyss:2  | Received a gift from Okawaru
 77458 | Abyss:2  | Identified the +1 ring mail of the Doldrums {Int+3} (You
                  | found it on level 1 of the Abyss)
 77831 | Abyss:3  | Gained mutation: You are dopey. (Int -2) [a cacodemon]
 77857 | Abyss:3  | Lost mutation: You are dopey. (Int -2) [a cacodemon]
 77947 | Abyss:3  | Got an abyssal rune of Zot
 78117 | Abyss:3  | Gained mutation: Your spells are a little easier to cast,
                  | but a little less powerful. [a neqoxec]
 78121 | Depths:4 | Escaped the Abyss
 78488 | Temple   | Fell from the grace of Okawaru
 78488 | Temple   | Became a worshipper of the Shining One
 79048 | Crypt:1  | Entered Level 1 of the Crypt
 79166 | Crypt:1  | Reached * piety under the Shining One
 79169 | Crypt:1  | Noticed Margery
 79546 | Crypt:1  | Reached skill level 10 in Long Blades
 79559 | Crypt:1  | Killed Margery
 79559 | Crypt:1  | Reached skill level 10 in Spellcasting
 79802 | Crypt:1  | Reached ** piety under the Shining One
 80221 | Crypt:1  | Reached *** piety under the Shining One
 80454 | Crypt:2  | Noticed a greater mummy
 80454 | Crypt:2  | Reached **** piety under the Shining One
 80481 | Crypt:2  | Noticed a greater mummy
 80491 | Crypt:2  | Noticed Khufu
 80493 | Crypt:2  | Killed a greater mummy
 80835 | Crypt:2  | Reached ***** piety under the Shining One
 81295 | Crypt:2  | Killed Khufu
 81301 | Crypt:2  | Killed a greater mummy
 81877 | Crypt:3  | Entered Level 3 of the Crypt
 82013 | Crypt:3  | Got a colourful robe
 82074 | Crypt:3  | Identified the cursed +0 robe "Fejah" {rC+ MP+9} (You found
                  | it on level 3 of the Crypt)
 82954 | Crypt:3  | Reached ****** piety under the Shining One
 83361 | Crypt:3  | Found the +8 storm bow {elec, penet}
 83641 | Crypt:3  | Found a staircase to the Tomb.
 83778 | Crypt:3  | Noticed an ancient lich
 83779 | Crypt:3  | Noticed an ancient lich
 83883 | Crypt:3  | Killed an ancient lich
 83908 | Crypt:3  | Killed an ancient lich
 83926 | Crypt:3  | Identified the Volume of Black Rites
 83941 | Crypt:3  | Identified a +1 pair of boots of running (You found it on
                  | level 3 of the Crypt)
 83948 | Crypt:3  | Got an ancient triple crossbow
 83950 | Crypt:3  | Got a crystal hand axe
 83953 | Crypt:3  | Identified the +5 triple crossbow of Equivalence {vorpal,
                  | rF- Int-4 Dex+9 SInv} (You found it on level 3 of the
                  | Crypt)
 83955 | Crypt:3  | Identified the +7 hand axe "Kuinkyad" {freeze, rElec rF+
                  | rN+} (You found it on level 3 of the Crypt)
 84585 | Temple   | Identified a +9 sacred scourge of holy wrath (a +9 demon
                  | whip of venom blessed by the Shining One)
 84585 | Temple   | Received a gift from the Shining One
 84760 | D:11     | Learned a level 6 spell: Statue Form
 84994 | Depths:4 | Voluntarily entered the Abyss.
 85525 | Abyss:2  | Was forgiven by Okawaru
 85953 | Abyss:2  | Gained mutation: Your body sometimes deteriorates upon
                  | taking damage. [a neqoxec]
 85959 | Abyss:2  | Gained mutation: Your spells are easier to cast, but less
                  | powerful. [a neqoxec]
 86250 | Depths:4 | Escaped the Abyss
 86446 | D:11     | Lost mutation: Your spells are easier to cast, but less
                  | powerful. [potion of mutation]
 86446 | D:11     | Lost mutation: Your muscles are strong. (Str +2) [potion of
                  | mutation]
 86446 | D:11     | Gained mutation: You are agile. (Dex +2) [potion of
                  | mutation]
 86446 | D:11     | Gained mutation: You expend magic power (3 MP) to
                  | strengthen your wands. [potion of mutation]
 86447 | D:11     | Lost mutation: You are agile. (Dex +2) [potion of mutation]
 86447 | D:11     | Lost mutation: Scrolls take you a little longer to read.
                  | [potion of mutation]
 86447 | D:11     | Lost mutation: Your body sometimes deteriorates upon taking
                  | damage. [potion of mutation]
 86447 | D:11     | Gained mutation: You have sharp toenails. [potion of
                  | mutation]
 86447 | D:11     | Lost mutation: Your spells are a little easier to cast, but
                  | a little less powerful. [potion of mutation]
 86447 | D:11     | Gained mutation: You possess an exceptional clarity of
                  | mind. [potion of mutation]
 86610 | Hell     | Entered the Vestibule of Hell
 86610 | Hell     | Noticed Geryon
 86631 | Hell     | Killed Geryon
 86668 | Hell     | Found a gateway to the ashen valley of Gehenna.
 86811 | Hell     | Found a gateway to the Iron City of Dis.
 86944 | Hell     | Found a gateway to the freezing wastes of Cocytus.
 87056 | Hell     | Noticed an ancient lich
 87066 | Hell     | Killed an ancient lich
 87185 | Hell     | Found a gateway to the decaying netherworld of Tartarus.
 87269 | Coc:1    | Entered Level 1 of Cocytus
 88612 | Coc:7    | Entered Level 7 of Cocytus
 88872 | Coc:7    | Noticed Antaeus
 90401 | Coc:7    | Reached skill level 27 in Fighting
 91230 | Coc:7    | Killed Antaeus
 91243 | Coc:7    | Got an icy rune of Zot
 91373 | Tar:1    | Entered Level 1 of Tartarus
 91606 | Tar:2    | Reached skill level 27 in Shields
 91878 | Tar:2    | Reached skill level 1 in Translocations
 93134 | Tar:6    | Reached skill level 5 in Translocations
 93230 | Tar:7    | Entered Level 7 of Tartarus
 94471 | Tar:7    | Reached skill level 1 in Charms
 94619 | Tar:7    | Noticed Ereshkigal
 95350 | Tar:7    | Killed Ereshkigal
 95468 | Tar:7    | Got a bone rune of Zot
 95600 | Tar:7    | Got an encrusted plate armour
 96178 | D:11     | Identified the +8 plate armour of Bethrelust {Int+3 SInv}
                  | (You found it on level 7 of Tartarus)
 96343 | Geh:1    | Entered Level 1 of Gehenna
 97309 | Geh:3    | Found a corrupted altar of Lugonu.
 98444 | Geh:7    | Entered Level 7 of Gehenna
 98723 | Geh:7    | Reached skill level 5 in Charms
 99441 | Geh:7    | Reached skill level 15 in Invocations
 99699 | Geh:7    | Identified the +7 sceptre of Asmodeus
 99699 | Geh:7    | Noticed Asmodeus
 99718 | Geh:7    | Killed Asmodeus
 99999 | Geh:7    | Got an obsidian rune of Zot
100508 | Dis:1    | Entered Level 1 of the Iron City of Dis
101481 | Dis:2    | Reached skill level 27 in Maces & Flails
103774 | Dis:5    | Reached skill level 15 in Long Blades
104139 | Dis:5    | Reached skill level 1 in Earth Magic
104509 | Dis:6    | Reached skill level 1 in Transmutations
106161 | Dis:7    | Entered Level 7 of the Iron City of Dis
106753 | Dis:7    | Gained mutation: Your muscles are strong. (Str +2) [a
                  | cacodemon]
106763 | Dis:7    | Identified the ring "Usaesos" {rF+ Str+3 Dex+3}
106972 | Dis:7    | Identified Uddene's Guide on Shape Shifting and the Oath
106974 | Dis:7    | Identified the Grimoire of the Flamy Oath
106993 | Dis:7    | Acquired 3 rations
106999 | Dis:7    | Got a smoking bone ring
107000 | Dis:7    | Identified the ring of Koarydehyc {rElec rC+ Str+6} (You
                  | found it on level 7 of the Iron City of Dis)
107003 | Dis:7    | Got a polished scale mail
107010 | Dis:7    | Identified the +4 scale mail of Hoirr {rN+ Int+2} (You
                  | found it on level 7 of the Iron City of Dis)
107628 | Dis:7    | Reached skill level 5 in Earth Magic
107659 | Dis:7    | Reached skill level 5 in Transmutations
107670 | Dis:7    | Noticed the Serpent of Hell
107708 | Dis:7    | Killed the Serpent of Hell
107784 | Dis:7    | Identified the +4 staff of Dispater
107784 | Dis:7    | Noticed Dispater
108150 | Dis:7    | Identified the ring of Temptation {*Drain rPois Dex+9}
108166 | Dis:7    | Killed Dispater
108205 | Dis:7    | Reached skill level 15 in Spellcasting
108216 | Dis:7    | Got an iron rune of Zot
108813 | Zot:1    | Entered Level 1 of the Realm of Zot
109081 | Zot:1    | Found a runed translucent gate.
109081 | Zot:1    | Found a runed translucent gate.
109081 | Zot:1    | Found a runed translucent gate.
109082 | Zot:1    | Found an opulent altar of Gozag.
109082 | Zot:1    | Found Vabaot's Assorted Antiques.
109082 | Zot:1    | Noticed Beuseq's ghost (master GnFi)
109082 | Zot:1    | Noticed an orb of fire
109083 | Zot:1    | Noticed an orb of fire
109179 | Zot:1    | Found the +8 trident of the Octopus King {venom, rElec
                  | rPois MR+}
109886 | Zot:2    | Found a transporter.
109901 | Zot:2    | Found a shimmering blue altar of Sif Muna.
109905 | Zot:2    | Noticed an orb of fire
110055 | Zot:2    | Noticed an ancient lich
110059 | Zot:2    | Identified the +3 hand axe "Hydrabane" {vorpal, +Inv rF+}
110926 | Zot:3    | Found a transporter.
110936 | Zot:3    | Noticed Naafilie's ghost (legendary GnFi)
111054 | Zot:3    | Found a transporter.
111054 | Zot:3    | Noticed an ancient lich
111060 | Zot:3    | Got a fine chain mail
111235 | Zot:3    | Identified the +0 chain mail "Cumeosch" {rF++ Regen+ Int+4
                  | Slay-2} (You found it on level 3 of the Realm of Zot)
112120 | Zot:5    | Entered Level 5 of the Realm of Zot
112218 | Zot:3    | Killed an ancient lich
112255 | Zot:3    | Killed Naafilie's ghost
113156 | Zot:2    | Gained mutation: Your body sometimes deteriorates upon
                  | taking damage. [an orb of fire]
113163 | Zot:2    | Gained mutation: You are clumsy. (Dex -2) [an orb of fire]
113164 | Zot:2    | Gained mutation: You are dopey. (Int -2) [an orb of fire]
113166 | Zot:2    | Killed an orb of fire
113174 | Zot:2    | Killed an ancient lich
113265 | Zot:2    | Found a transporter.
114153 | Zot:1    | Gained mutation: You are very clumsy. (Dex -4) [an orb of
                  | fire]
114156 | Zot:1    | Gained mutation: You occasionally shout uncontrollably at
                  | your foes. [an orb of fire]
114164 | Zot:1    | Killed an orb of fire
114194 | Zot:1    | Killed an orb of fire
114209 | Zot:1    | Killed Beuseq's ghost
114467 | Zot:1    | Bought a scroll of identify for 78 gold pieces
114467 | Zot:1    | Bought a scroll of identify for 78 gold pieces
114765 | D:11     | Lost mutation: You are very clumsy. (Dex -4) [potion of
                  | mutation]
114765 | D:11     | Lost mutation: Your body sometimes deteriorates upon taking
                  | damage. [potion of mutation]
114765 | D:11     | Lost mutation: You expend magic power (3 MP) to strengthen
                  | your wands. [potion of mutation]
114765 | D:11     | Gained mutation: You have supernaturally acute eyesight.
                  | (SInv) [potion of mutation]
114765 | D:11     | Lost mutation: You are dopey. (Int -2) [potion of mutation]
114765 | D:11     | Gained mutation: Your mind is acute. (Int +2) [potion of
                  | mutation]
114781 | D:11     | Learned a level 3 spell: Teleport Other
114960 | Pan      | Entered Pandemonium
115065 | Pan      | Found an exit through the horrors of the Abyss.
115388 | Pan      | Noticed Cuant the pandemonium lord
115394 | Pan      | Killed Cuant the pandemonium lord
115993 | Pan      | Noticed Ewovverch the pandemonium lord
116012 | Pan      | Killed Ewovverch the pandemonium lord
116478 | Pan      | Got a demonic rune of Zot
118158 | Depths:3 | Escaped Pandemonium
118911 | Pan      | Entered Pandemonium
118915 | Pan      | Noticed Yzuusasi the pandemonium lord
118949 | Pan      | Killed Yzuusasi the pandemonium lord
119598 | Pan      | Reached skill level 10 in Transmutations
119751 | Pan      | Found an exit through the horrors of the Abyss.
119877 | Pan      | Reached skill level 10 in Earth Magic
120180 | Pan      | Noticed Bast the pandemonium lord
120194 | Pan      | Killed Bast the pandemonium lord
120825 | Pan      | Noticed Quxa the pandemonium lord
120836 | Pan      | Killed Quxa the pandemonium lord
120840 | Pan      | Reached skill level 1 in Air Magic
121583 | Pan      | HP: 10/273 [Brimstone Fiend/damnation (30)]
121593 | Pan      | Killed from afar by a Brimstone Fiend

Illustrated notes

#......# #....# #....
######## ###### #....
#.... #.... #.... #####
#############
#....[[[...)#
#.##.)@[.##.########
#..##()[##..#......#
#...##.##...'......#
#....###..<.#......#
#...##.##...'......#
#..##...##..#......#
#.##.....##.#......#
#...........##'########
##############....#..#.


Turn 67935 on Vaults:4: .

Levels and vault maps discovered:
D:1:      ebering_hopf_link, layout_loops_corners
D:2:      layout_loops_corners, nicolae_overflow_crystal_walls, tgw_trog,
          uniq_sigmund
D:3:      layout_loops_ring, old_standard_altar, dancing_weapons_uskayaw,
          uniq_grinder
D:4:      layout_gridville, elyvilon_altar_4, first_ration
D:5:      layout_basic, serial_shops, nicolae_shop_waterfront
D:6:      layout_basic, minmay_temple_entry_trees, uniq_edmund
D:7:      layout_rooms, uniq_pikel, uniq_duvessa
D:8:      layout_rooms, grunt_temple_overflow_open
D:9:      layout_stronghold, david_lair_generic, ebering_ghost_disaster_area,
          bh_walls_and_bars
D:10:     layout_roguey, ploomutoo_gammafunk_ghost_potion_laboratory,
          minmay_misc_feat_doors, grunt_ogre_cave, serial_bayou_pond_e,
          nicolae_dithmenos_through_a_glass_darkly
D:11:     layout_roguey, erik_orc_4, serial_ice, serial_ice_m, serial_ice_b,
          serial_ice_j, serial_ice_e, serial_ice_d, portal_ice_cave_entry_imps,
          hangedman_tree_tricks, grunt_potential
D:12:     layout_roguey, minivault_8, uniq_kirke
D:13:     minmay_the_grid_octo_tiled_squarecenter [minmay_the_grid_octo_focus,
          minmay_the_grid_octo_tetromino_candy, minmay_the_grid_octo_teeth,
          minmay_the_grid_octo_checkered,
          minmay_the_grid_square_5x5_megaprize_open,
          minmay_the_grid_square_5x5_inverted_slash,
          minmay_the_grid_square_5x5_n_small,
          minmay_the_grid_square_5x5_tri_point,
          minmay_the_grid_square_5x5_percent], layout_small_grid,
          nicolae_trove_entry_path_of_doom, grunt_decor_arrowhead, drop_trap
D:14:     layout_cave_pods, david_vaults_1, chequers_serial_rivers_micro_c,
          uniq_nessos
D:15:     grunt_enter_depths_hoard, layout_basic, serial_shops, bzr_in_the_mist,
          uniq_jorgrun, uniq_louise, uniq_roxanne
Temple:   nicolae_temple_figure_eight
Lair:1:   layout_hall_layers, minivault_24, beast_lair_carwin_8,
          lemuel_fruit_tree, grunt_megastairs_1, serial_bayou_shore_a
Lair:2:   layout_long_grid, elwin_shoals_entry_rooms,
          nicolae_spider_entry_non_spiders, bh_chokoban, beast_lair_carwin_4,
          grunt_megastairs_2, infiniplex_staircase_pool_2
Lair:3:   layout_misc_corridors
Lair:4:   layout_gridlike
Lair:5:   layout_hall_layers, slime_altar_1, infiniplex_staircase_pool,
          lemuel_fruit_fields, uniq_josephine
Lair:6:   cheibrodos_lair_end_hotspot, layout_cave_pods, minivault_24,
          serial_bayou_shore_b
Shoals:1: layout_shoals
Shoals:2: layout_shoals
Shoals:3: layout_shoals, nicolae_shoals_seven_spires
Shoals:4: shoals_end_hangedman, layout_shoals, shoals_ilsuiw_ice,
          abandoned_shop, uniq_polyphemus
Spider:1: layout_spider_delve
Spider:2: layout_spider_delve
Spider:3: layout_chambers, ebering_ghost_inner_flame
Spider:4: floodkiller_spider_rune_tomb
Slime:1:  layout_caves
Slime:2:  layout_caves, nicolae_slime_round_cave
Slime:3:  layout_caves
Slime:4:  layout_caves, nicolae_slime_welcoming_committee
Slime:5
Orc:1:    layout_caves, enter_bailey_3, uniq_urug
Orc:2:    pubby_orc_utopia
Elf:1:    layout_geoelf_grid, serial_shops, shop, minmay_elf_demonology,
          corexii_checkpoint_a, minivault_14
Elf:2:    layout_geoelf_diagonals
Elf:3:    grunt_elf_hall_diamonds, layout_geoelf_castle, drop_trap
Vaults:1: vaults_room_boxed, vaults_dpeg_ring, nicolae_vaults_big_ls,
          ontoclasm_vaults_shuriken, vaults_standard_mumra_enter_the_diamond,
          hangedman_vaults_snaps, nicolae_vaults_little_squares_2,
          vaults_mumra_minichess_inversion, layout_vaults_ring, serial_shops,
          shop, uniq_donald
Vaults:2: hangedman_vaults_nodes, vaults_room_grunt_arrival_ludios,
          nicolae_vaults_network_star, v_misc_1,
          nicolae_vaults_network_quinsquares
          [nicolae_vaults_network_quincunx_subvault,
          nicolae_vaults_network_quincunx_subvault,
          nicolae_vaults_network_quincunx_subvault,
          nicolae_vaults_network_quincunx_subvault],
          nicolae_vaults_diagonal_hallway_6, vaults_room_ringed_pool,
          ontoclasm_vaults_chip, nicolae_vaults_little_ls,
          ontoclasm_vaults_gateway, ontoclasm_vaults_decontamination,
          layout_vaults_big_cross
Vaults:3: minmay_crypt_entry_simple_plaza, vaults_room_fours,
          nicolae_vaults_alarming, v_misc_17, nicolae_vaults_twisting_passages,
          nicolae_vaults_mini_display_case, layout_vaults_omnigrid,
          serial_shops, bzr_entry_customers, uniq_boris
Vaults:4: st_quartered_hall, v_misc_4, v_misc_28, vaults_dpeg_diagonal,
          ontoclasm_vaults_hangar, vaults_room_door_hall,
          vaults_standard_mumra_x, vaults_dpeg_encased_lava,
          ontoclasm_vaults_ring_large, nicolae_vaults_shelves_hall,
          layout_vaults_omnibox, infiniplex_enter_wizlab_glasses
Vaults:5: serial_shops
Crypt:1:  layout_regular_city, grunt_crypt_arrival_webbed, uniq_margery
Crypt:2:  layout_rooms, hex_tiny, lemuel_elevator, uniq_khufu
Crypt:3:  david_glass_crypt, layout_chaotic_city,
          nicolae_tomb_entry_rubble_hallway, st_stairs_3, grunt_megastairs_4
Depths:1: layout_cave_pools, hell_entry, columned_hall_lemuel,
          minmay_misc_feat_tiny, hangedman_decor_clover_reticule,
          serial_sigils_hangedman_stare, kennysheep_generic_room_4, uniq_sojobo
Depths:2: little_maze_vault, layout_long_grid, minmay_staircase_windowed_small,
          hell_entry, ebering_ghost_inner_flame, minmay_hedge_maze, uniq_mara
Depths:3: minmay_tri_stars, layout_cave_pools, enter_ziggurat_c,
          corexii_hall_statues_i, pan_entry, serial_column_ruins,
          column_ruins_portal_squares, column_ruins_hut,
          column_ruins_corridor_dead_end, column_ruins_open_small,
          column_ruins_open_small, column_ruins_grid_1,
          column_ruins_columns_corner, grunt_hell_horde, uniq_nikola, uniq_jory
Depths:4: evilmike_hourglass, layout_basic, minmay_room_of_horrors, pan_entry,
          pf_dread_powers_of_hell, st_stairs_13
Depths:5: grunt_zot_entry_tricorne, layout_cave_pools, hell_entry, serial_shops,
          nicolae_shop_temple_entry_statues_fountains, nicolae_shop_trees
Hell
Dis:1:    layout_chaotic_city
Dis:2:    layout_gridville
Dis:3:    layout_chaotic_city
Dis:4:    layout_jigsaw
Dis:5:    layout_jigsaw
Dis:6:    layout_regular_city, hangedman_dis_decor_blocks_crown,
          hangedman_dis_chains, nicolae_dis_strange_trophy_room
Dis:7:    dis_st
Geh:1:    layout_gehenna_pools_box
Geh:2:    layout_gehenna_lava_caves, gehenna_fire_generator
Geh:3:    layout_gehenna_pools_triple, lemuel_hellish_altar
Geh:4:    layout_gehenna_pools_triple
Geh:5:    layout_gehenna_pools_basic
Geh:6:    layout_gehenna_lava_caves
Geh:7:    geh_hangedman
Coc:1:    layout_cocytus_water_paths
Coc:2:    layout_ice_bergs, serial_ice, serial_ice_n, serial_ice_m, serial_ice_b
Coc:3:    layout_cocytus_water_paths
Coc:4:    layout_cocytus_water_paths
Coc:5:    layout_ice_bergs
Coc:6:    layout_ice_bergs
Coc:7:    coc_dpeg
Tar:1:    layout_honeycomb
Tar:2:    layout_honeycomb
Tar:3:    layout_grid_maze, lemuel_nasty_fountain
Tar:4:    layout_honeycomb
Tar:5:    layout_cathedral_of_symmetry
Tar:6:    layout_cathedral_of_symmetry
Tar:7:    tar_mu [tar_mu_maze]
Zot:1:    layout_misc_corridors, ebering_ghost_gozag, st_stairs_9
Zot:2:    gammafunk_sealed_library, layout_concentric_octagons,
          grunt_megastairs_3
Zot:3:    layout_basic, gammafunk_ghost_abyssal_escape
Zot:4:    layout_misc_corridors, hangedman_zot_gyre, skrybe_zot_glass_2
Zot:5:    layout_gridlike, door_vault
Pan:      evilmike_mini_pan_possible_glass, layout_basic, pan_blood_fountain_2,
          evilmike_mini_pan_layers, layout_irregular_city, evilmike_holy_pan,
          rand_demon_8, layout_irregular_city, evilmike_mini_pan_doors,
          layout_irregular_city, evilmike_mini_pan_corner,
          layout_pan_divisions_b [pan_division_quadrant_b4,
          pan_division_quadrant_b1, pan_division_quadrant_b1,
          pan_division_quadrant_b4], nicolae_pan_sick_transit,
          evilmike_mini_pan_pillars, layout_cellular_growth,
          nicolae_pan_mnolegish_5

Skill      XL: |  1  2  3  4  5  6  7  8  9 10 11 12 13 14 15 16 17 18 19 20 21 22 23 24 25 26 27 |
---------------+----------------------------------------------------------------------------------+-----
Armour         | 4 5 6 7 8 9 10 11 12 13 14 15 16 17 18 22 | 22.3
Fighting       | 4 5 6 7 9 10 11 13 14 16 17 18 19 20 21 22 23 24 25 27 | 27.0
Shields        | 4 5 6 7 8 9 10 11 13 14 15 16 17 18 20 21 22 23 24 27 | 27.0
Maces & Flails | 3 4 5 6 8 10 11 13 14 15 16 17 18 19 20 27 | 27.0
Dodging        | 1 2 3 4 6 8 9 10 11 13 14 15 16 17 25 | 25.3
Throwing       | 1 2 3 4 6 7 8 9 10 11 12 13 14 15 16 19 | 19.7
Invocations    | 2 4 6 8 9 10 11 17 | 17.3
Stealth        | 1 |  1.2
Long Blades    | 2 3 4 5 9 24 | 24.1
Evocations     | 3 5 6 8 9 10 | 10.4
Spellcasting   | 3 5 6 7 8 9 16 | 16.3
Translocations | 7 |  7.1
Charms         | 8 |  8.2
Earth Magic    | 10 | 10.4
Transmutations | 10 | 10.4
Air Magic      | 1 |  1.2

Action                   |  1- 3 |  4- 6 |  7- 9 | 10-12 | 13-15 | 16-18 | 19-21 | 22-24 | 25-27 || total
-------------------------+-------+-------+-------+-------+-------+-------+-------+-------+-------++-------
Melee: Flail             |   108 |   111 |   349 |    34 |  1147 |       |       |       |       ||  1749
       Headbutt          |     8 |    20 |    77 |   197 |   448 |   275 |   255 |   307 |  3231 ||  4818
       Morningstar       |       |       |       |   676 |       |       |       |       |       ||   676
       Mace              |       |       |       |    20 |       |       |       |       |       ||    20
       Scimitar          |       |       |       |       |    27 |       |       |       |       ||    27
       Demon whip        |       |       |       |       |   259 |       |       |   475 |  1088 ||  1822
       Eveningstar       |       |       |       |       |     7 |  1037 |   818 |   328 |       ||  2190
       Eudemon blade     |       |       |       |       |       |       |       |   105 |  4912 ||  5017
       Sacred scourge    |       |       |       |       |       |       |       |       |  3052 ||  3052
Throw: Dart              |       |    23 |    78 |    98 |       |       |       |       |       ||   199
       Boomerang         |       |       |    13 |   119 |   301 |   830 |       |    14 |   756 ||  2033
       Javelin           |       |       |       |       |   120 |    26 |   767 |   698 |   216 ||  1827
 Cast: Summon Butterflie |       |       |       |       |       |       |       |       |     1 ||     1
       Blink             |       |       |       |       |       |       |       |       |     6 ||     6
       Apportation       |       |       |       |       |       |       |       |       |     4 ||     4
       Swiftness         |       |       |       |       |       |       |       |       |     4 ||     4
Invok: Heroism           |       |       |       |     8 |    10 |     5 |     7 |     9 |     8 ||    47
       Finesse           |       |       |       |     3 |     5 |     5 |     6 |     8 |     7 ||    34
       Summon Divine War |       |       |       |       |       |       |       |       |    57 ||    57
       Divine Shield     |       |       |       |       |       |       |       |       |     7 ||     7
       Cleansing Flame   |       |       |       |       |       |       |       |       |     5 ||     5
       Brand Weapon With |       |       |       |       |       |       |       |       |     1 ||     1
 Abil: Evoke Invisibilit |       |       |       |       |       |     1 |       |       |       ||     1
Evoke: Wand              |       |       |       |     1 |     8 |    10 |       |     6 |     9 ||    34
       Box of beasts     |       |       |       |       |       |       |     2 |       |     2 ||     4
       Phantom mirror    |       |       |       |       |       |       |       |       |     1 ||     1
  Use: Potion            |       |     1 |       |     2 |     1 |     7 |     2 |     4 |    48 ||    65
       Scroll            |       |     7 |     3 |    11 |    14 |    14 |     9 |     7 |    63 ||   128
 Stab: Distracted        |       |       |     1 |       |       |       |       |       |       ||     1
  Eat: Ration            |     1 |     1 |     2 |     4 |     6 |     9 |     7 |     6 |    48 ||    84
       Chunk             |       |       |     6 |    12 |    19 |    15 |    14 |    12 |    26 ||   104
Armor: Scale mail        |    45 |    41 |    44 |       |    47 |    90 |       |       |       ||   267
       Chain mail        |       |       |    80 |   146 |       |   370 |   101 |     4 |       ||   701
       Plate armour      |       |       |       |   244 |   338 |    12 |       |   112 |  1150 ||  1856
Dodge: Dodged            |    38 |    35 |   103 |   241 |   286 |   368 |   107 |   172 |  1868 ||  3218
       Repelled          |       |       |       |       |    21 |    28 |    14 |       |       ||    63
Block: Kite shield       |    69 |    31 |   163 |   440 |   696 |    33 |       |       |       ||  1432
       Tower shield      |       |       |       |       |       |  1233 |   811 |  1048 | 10220 || 13312
       Reflection        |       |       |       |       |       |       |   137 |   119 |   271 ||   527
       Rpst.: Scimitar   |       |       |       |       |     1 |       |       |       |       ||     1
       Eudemon blade     |       |       |       |       |       |       |       |     7 |   137 ||   144
